AAA
MONTERREY KILLER WHALES @ NEW YORK COMETS
06/19/2060
 
TOP OF THE 1ST
Monterrey Killer Whales batting - Pitching for New York Comets : RHP Ron Rogers
Pitching: RHP Ron Rogers
Batting: RHB Billy Taylor 0-0: Foul Ball, location: 2F
0-1: Ball
1-1: Ball
2-1: Foul Ball, location: 2F
2-2: Ball
3-2: Foul Ball, location: 2F
3-2: Base on Balls
Batting: LHB Ray Seevers 0-0: Ground out 5-3 (Groundball, 56S, EV 68.8 MPH)
Billy Taylor to second
Batting: RHB Collin Franklin 0-0: Ball
1-0: SINGLE (Line Drive, 9S, EV 90.6 MPH)
Billy Taylor to third
Runner from 3rd tries for Home, SAFE, throw by RF to home
Collin Franklin to second
Batting: LHB Tony May 0-0: Called Strike
0-1: Ball
1-1: Swinging Strike
1-2: Foul Ball, location: 2F
1-2: Strikes out swinging
Batting: RHB Sylvan Troke 0-0: Called Strike
0-1: DOUBLE (Flyball, 8LXD, EV 100.0 MPH)
Collin Franklin scores
Batting: RHB Jaren Toone 0-0: Ground out 5-3 (Groundball, 5, EV 79.4 MPH)
Top of the 1st over - 2 runs, 2 hits, 0 errors, 1 left on base; Monterrey 2 - New York 0
BOTTOM OF THE 1ST
New York Comets batting - Pitching for Monterrey Killer Whales : RHP Cole Hollingsworth
Pitching: RHP Cole Hollingsworth
Batting: SHB Drake Stock 0-0: Ground out 3-1 (Groundball, 34, EV 106.2 MPH)
Batting: RHB Brock Jackson 0-0: Ball
1-0: Called Strike
1-1: Ball
2-1: Ball
3-1: Base on Balls
Batting: LHB Robert Wenstrom 0-0: Ball
1-0: Called Strike
1-1: Ball
2-1: Fly out, F8 (Flyball, 8RD, EV 101.9 MPH)
Batting: SHB Neal Constantinescu 0-0: Called Strike
0-1: Swinging Strike
0-2: Strikes out swinging
Bottom of the 1st over - 0 runs, 0 hits, 0 errors, 1 left on base; Monterrey 2 - New York 0
TOP OF THE 2ND
Monterrey Killer Whales batting - Pitching for New York Comets : RHP Ron Rogers
Batting: RHB Ed Gangemi 0-0: Ball
1-0: Called Strike
1-1: Swinging Strike
1-2: Ball
2-2: Foul Ball, location: 2F
2-2: Ball
3-2: Strikes out swinging
Batting: LHB Furman Auerbach 0-0: Ball
1-0: Called Strike
1-1: DOUBLE (Flyball, 78XD, EV 107.5 MPH)
Batting: RHB Corey Douglas 0-0: Foul Ball, location: 2F
0-1: Fly out, F8 (Line Drive, 8LM, EV 87.5 MPH)
Batting: RHB Billy Taylor 0-0: Ball
1-0: Called Strike
1-1: Swinging Strike
1-2: Ball
2-2: Strikes out looking
Top of the 2nd over - 0 runs, 1 hit, 0 errors, 1 left on base; Monterrey 2 - New York 0
BOTTOM OF THE 2ND
New York Comets batting - Pitching for Monterrey Killer Whales : RHP Cole Hollingsworth
Batting: RHB Mason Douglass 0-0: Ball
1-0: Called Strike
1-1: Swinging Strike
1-2: Ball
2-2: Foul Ball, location: 2F
2-2: SINGLE (Groundball, 56D, EV 99.4 MPH)
Batting: LHB Morgan Buga 0-0: Called Strike
0-1: Fly out, F8 (Flyball, 89D, EV 83.8 MPH)
Batting: RHB Kip Clark 0-0: Ball
1-0: Called Strike
1-1: Ball
2-1: Grounds into double play, 4-6-3 (Groundball, 4, EV 83.8 MPH)
Bottom of the 2nd over - 0 runs, 1 hit, 0 errors, 0 left on base; Monterrey 2 - New York 0
TOP OF THE 3RD
Monterrey Killer Whales batting - Pitching for New York Comets : RHP Ron Rogers
Batting: LHB Ray Seevers 0-0: Ground out 6-3 (Groundball, 6, EV 83.1 MPH)
Batting: RHB Collin Franklin 0-0: Foul Ball, location: 2F
0-1: Swinging Strike
0-2: Foul Ball, location: 2F
0-2: Ball
1-2: Ball
2-2: DOUBLE (Flyball, 8RXD, EV 110.6 MPH)
Batting: LHB Tony May 0-0: Ball
1-0: Ground out 1-3 (Groundball, 34S, EV 68.8 MPH)
Collin Franklin to third
Batting: RHB Sylvan Troke 0-0: Swinging Strike
0-1: Ball
1-1: Swinging Strike
1-2: Strikes out looking
Top of the 3rd over - 0 runs, 1 hit, 0 errors, 1 left on base; Monterrey 2 - New York 0
BOTTOM OF THE 3RD
New York Comets batting - Pitching for Monterrey Killer Whales : RHP Cole Hollingsworth
Batting: RHB Rodell bin Rahman 0-0: Fly out, F9 (Flyball, 9D, EV 82.5 MPH)
Batting: RHB Kaleb McCoy 0-0: Foul Ball, location: 2F
0-1: Ball
1-1: Reaches on Catchers interference
Batting: SHB Drake Stock 0-0: Ball
1-0: Ball
2-0: Ball
3-0: Foul Ball, location: 2F
3-1: Base on Balls
Kaleb McCoy to second
Batting: RHB Brock Jackson 0-0: Ball
1-0: Fly out, F7 (Flyball, 7S, EV 91.9 MPH)
Batting: LHB Robert Wenstrom 0-0: Called Strike
0-1: Ball
1-1: Called Strike
1-2: Foul Ball, location: 2F
1-2: Strikes out swinging
Bottom of the 3rd over - 0 runs, 0 hits, 1 error, 2 left on base; Monterrey 2 - New York 0
TOP OF THE 4TH
Monterrey Killer Whales batting - Pitching for New York Comets : RHP Ron Rogers
Batting: RHB Jaren Toone 0-0: Called Strike
0-1: Ball
1-1: Swinging Strike
1-2: Foul Ball, location: 2F
1-2: Ground out 6-3 (Groundball, 6, EV 86.2 MPH)
Batting: RHB Ed Gangemi 0-0: Swinging Strike
0-1: Ball
1-1: Ball
2-1: DOUBLE (Flyball, 89D, EV 93.1 MPH)
Batting: LHB Furman Auerbach 0-0: Ground out 6-3 (Groundball, 6S, EV 93.1 MPH)
Batting: RHB Corey Douglas 0-0: Foul Ball, location: 2F
0-1: Foul Ball, location: 2F
0-2: Ball
1-2: Strikes out swinging
Top of the 4th over - 0 runs, 1 hit, 0 errors, 1 left on base; Monterrey 2 - New York 0
BOTTOM OF THE 4TH
New York Comets batting - Pitching for Monterrey Killer Whales : RHP Cole Hollingsworth
Batting: SHB Neal Constantinescu 0-0: Ball
1-0: Called Strike
1-1: Swinging Strike
1-2: Ball
2-2: Ball
3-2: Foul Ball, location: 2F
3-2: Ground out 4-3 (Groundball, 4, EV 80.0 MPH)
Batting: RHB Mason Douglass 0-0: SINGLE (Line Drive, 8LS, EV 103.1 MPH)
Batting: LHB Morgan Buga 0-0: Ball
1-0: Ball
2-0: Ball
3-0: Base on Balls
Mason Douglass to second
Batting: RHB Kip Clark 0-0: Ball
1-0: Called Strike
1-1: Ball
2-1: Foul Ball, location: 2F
2-2: Strikes out looking
Batting: RHB Rodell bin Rahman 0-0: Foul Ball, location: 2F
0-1: Foul Ball, location: 2F
0-2: Ball
1-2: Foul Ball, location: 2F
1-2: Fielders Choice at 2nd, 5-4 (Groundball, 56, EV 88.1 MPH)
Bottom of the 4th over - 0 runs, 1 hit, 0 errors, 2 left on base; Monterrey 2 - New York 0
TOP OF THE 5TH
Monterrey Killer Whales batting - Pitching for New York Comets : RHP Ron Rogers
Batting: RHB Billy Taylor 0-0: Called Strike
0-1: Foul Ball, location: 2F
0-2: Ball
1-2: Ball
2-2: Ball
3-2: Strikes out swinging
Batting: LHB Ray Seevers 0-0: Ball
1-0: Ball
2-0: Called Strike
2-1: Ball
3-1: Foul Ball, location: 2F
3-2: Base on Balls
Batting: RHB Collin Franklin 0-0: Called Strike
Ray Seevers steals 2nd base
0-1: Ball
1-1: Ground out U3 (Groundball, 3, EV 109.4 MPH)
Ray Seevers to third
Batting: LHB Tony May 0-0: Swinging Strike
0-1: Ball
1-1: Ground out 6-3 (Groundball, 6, EV 91.2 MPH)
Top of the 5th over - 0 runs, 0 hits, 0 errors, 1 left on base; Monterrey 2 - New York 0
BOTTOM OF THE 5TH
New York Comets batting - Pitching for Monterrey Killer Whales : RHP Cole Hollingsworth
Batting: RHB Kaleb McCoy 0-0: Ball
1-0: Ball
2-0: Ball
3-0: Called Strike
3-1: Ground out 6-3 (Groundball, 6, EV 86.9 MPH)
Batting: SHB Drake Stock 0-0: Fly out, F3 (Popup, 3SF, EV 80.0 MPH)
Batting: RHB Brock Jackson 0-0: Ball
1-0: Ball
2-0: Ball
3-0: Base on Balls
Batting: LHB Robert Wenstrom 0-0: Ball
1-0: Foul Ball, location: 2F
1-1: Ball
2-1: Ball
3-1: Base on Balls
Brock Jackson to second
Batting: SHB Neal Constantinescu 0-0: Called Strike
0-1: Ball
1-1: Ball
2-1: Fly out, F8 (Flyball, 8RM, EV 86.9 MPH)
Bottom of the 5th over - 0 runs, 0 hits, 0 errors, 2 left on base; Monterrey 2 - New York 0
TOP OF THE 6TH
Monterrey Killer Whales batting - Pitching for New York Comets : RHP Ron Rogers
Pitching: RHP Gabe McCorkle
Batting: RHB Sylvan Troke 0-0: SINGLE (Groundball, 56D, EV 94.4 MPH)
Batting: RHB Jaren Toone 0-0: Ball
1-0: Ball
2-0: Fly out, F8 (Flyball, 8LD, EV 109.4 MPH)
Batting: RHB Ed Gangemi 0-0: Grounds into double play, 6-4-3 (Groundball, 6, EV 106.2 MPH)
Top of the 6th over - 0 runs, 1 hit, 0 errors, 0 left on base; Monterrey 2 - New York 0
BOTTOM OF THE 6TH
New York Comets batting - Pitching for Monterrey Killer Whales : RHP Cole Hollingsworth
Batting: RHB Mason Douglass 0-0: Swinging Strike
0-1: Ball
1-1: Ball
2-1: Ball
3-1: Called Strike
3-2: Strikes out swinging
Batting: LHB Morgan Buga 0-0: Ball
1-0: SINGLE (Line Drive, 8LS, EV 105.6 MPH)
Batting: RHB Kip Clark 0-0: Called Strike
0-1: Ball
1-1: 2-RUN HOME RUN (Flyball, 89XD, EV 99.4 MPH), Distance : 403 ft
Batting: RHB Rodell bin Rahman 0-0: Ball
1-0: Swinging Strike
1-1: Called Strike
1-2: Ball
2-2: Strikes out swinging
Batting: RHB Kaleb McCoy 0-0: Called Strike
0-1: Foul Ball, location: 2F
0-2: Ball
1-2: Hit by Pitch
Batting: SHB Drake Stock 0-0: Called Strike
0-1: Called Strike
0-2: Foul Ball, location: 2F
0-2: Ball
Wild Pitch!
Kaleb McCoy to second
1-2: Ball
2-2: Foul Ball, location: 2F
2-2: Ball
3-2: Ground out 6-3 (Groundball, 6, EV 92.5 MPH)
Bottom of the 6th over - 2 runs, 2 hits, 0 errors, 1 left on base; Monterrey 2 - New York 2
TOP OF THE 7TH
Monterrey Killer Whales batting - Pitching for New York Comets : RHP Gabe McCorkle
Batting: LHB Furman Auerbach 0-0: Called Strike
0-1: Ball
1-1: Ball
2-1: Foul Ball, location: 2F
2-2: Ball
3-2: Fly out, F1 (Line Drive, P, EV 73.8 MPH)
Batting: RHB Corey Douglas 0-0: Ball
1-0: SOLO HOME RUN (Flyball, 78XD, EV 101.2 MPH), Distance : 404 ft
Batting: RHB Billy Taylor 0-0: SINGLE (Line Drive, 8RS, EV 100.0 MPH)
Batting: LHB Ray Seevers 0-0: Ball
Billy Taylor is caught stealing 2nd base 2-6
1-0: Swinging Strike
1-1: SINGLE (Line Drive, 4MD, EV 110.6 MPH)
Batting: RHB Collin Franklin 0-0: Called Strike
Ray Seevers is caught stealing 2nd base 2-4
Top of the 7th over - 1 run, 3 hits, 0 errors, 0 left on base; Monterrey 3 - New York 2
BOTTOM OF THE 7TH
New York Comets batting - Pitching for Monterrey Killer Whales : RHP Cole Hollingsworth
Pitching: RHP Garrison Hughes
Batting: RHB Brock Jackson 0-0: Called Strike
0-1: Fly out, F4 (Popup, 4, EV 61.2 MPH)
Batting: LHB Robert Wenstrom 0-0: Ball
1-0: Fly out, F5 (Line Drive, 56, EV 70.0 MPH)
Batting: SHB Neal Constantinescu 0-0: Called Strike
0-1: Swinging Strike
0-2: Ball
1-2: Foul Ball, location: 2F
1-2: Ball
2-2: Strikes out swinging
Bottom of the 7th over - 0 runs, 0 hits, 0 errors, 0 left on base; Monterrey 3 - New York 2
TOP OF THE 8TH
Monterrey Killer Whales batting - Pitching for New York Comets : RHP Gabe McCorkle
Batting: RHB Collin Franklin 0-0: Fly out, F1 (Line Drive, P, EV 63.8 MPH)
Pitching: LHP Thomas Bruner
Batting: LHB Tony May 0-0: Foul Ball, location: 2F
0-1: Foul Ball, location: 2F
0-2: Ball
1-2: Strikes out swinging
Batting: RHB Sylvan Troke 0-0: DOUBLE (Line Drive, 78D, EV 110.6 MPH)
Batting: RHB Jaren Toone 0-0: Called Strike
0-1: Ball
1-1: SINGLE (Line Drive, 34D, EV 95.0 MPH)
Sylvan Troke to third
Runner from 3rd tries for Home, SAFE, throw by RF to home
Jaren Toone to second
Batting: RHB Ed Gangemi 0-0: Ball
1-0: Ball
2-0: Called Strike
2-1: Ball
3-1: Foul Ball, location: 2F
3-2: Foul Ball, location: 2F
3-2: Foul Ball, location: 2F
3-2: Foul Ball, location: 2F
3-2: Strikes out swinging
Top of the 8th over - 1 run, 2 hits, 0 errors, 1 left on base; Monterrey 4 - New York 2
BOTTOM OF THE 8TH
New York Comets batting - Pitching for Monterrey Killer Whales : RHP Garrison Hughes
Batting: RHB Mason Douglass 0-0: Ball
1-0: Ball
2-0: Ground out 5-3 (Groundball, 56, EV 78.8 MPH)
Batting: LHB Morgan Buga 0-0: Called Strike
0-1: Foul Ball, location: 2F
0-2: Foul Ball, location: 2F
0-2: Foul Ball, location: 2F
0-2: Ball
1-2: Ball
2-2: Ball
3-2: Foul Ball, location: 2F
3-2: Ground out 1-3 (Groundball, 15S, EV 66.9 MPH)
Batting: RHB Kip Clark 0-0: Ball
1-0: Foul Ball, location: 2F
1-1: Ball
2-1: Foul Ball, location: 2F
2-2: Ground out 3-1 (Groundball, 34, EV 86.2 MPH)
Bottom of the 8th over - 0 runs, 0 hits, 0 errors, 0 left on base; Monterrey 4 - New York 2
TOP OF THE 9TH
Monterrey Killer Whales batting - Pitching for New York Comets : LHP Thomas Bruner
Batting: LHB Furman Auerbach 0-0: Ball
1-0: Called Strike
1-1: Ball
2-1: Foul Ball, location: 2F
2-2: Foul Ball, location: 2F
2-2: Ball
3-2: Foul Ball, location: 2F
3-2: TRIPLE (Flyball, 89XD, EV 95.0 MPH)
Batting: RHB Corey Douglas 0-0: Ball
1-0: Called Strike
1-1: Ball
2-1: Swinging Strike
2-2: Foul Ball, location: 2F
2-2: Strikes out swinging
Batting: RHB Billy Taylor 0-0: Intentional Walk
Batting: LHB Ray Seevers 0-0: Ball
1-0: Ball
2-0: SINGLE (Groundball, 34D, EV 106.2 MPH)
Furman Auerbach scores
Billy Taylor to second
Runner from 2nd tries for 3rd, OUT! 9-5
Ray Seevers to second
Batting: RHB Collin Franklin 0-0: Called Strike
0-1: Ball
1-1: Fly out, F9 (Flyball, 9S, EV 88.1 MPH)
Top of the 9th over - 1 run, 2 hits, 0 errors, 1 left on base; Monterrey 5 - New York 2
BOTTOM OF THE 9TH
New York Comets batting - Pitching for Monterrey Killer Whales : RHP Garrison Hughes
Pitching: RHP David Warner
Batting: RHB Rodell bin Rahman 0-0: Ball
1-0: Foul Ball, location: 2F
1-1: Ball
2-1: Ground out 5-3 (Groundball, 56, EV 85.0 MPH)
Batting: RHB Kaleb McCoy 0-0: SINGLE (Line Drive, 8RS, EV 101.9 MPH)
Batting: SHB Drake Stock 0-0: Called Strike
0-1: Ball
1-1: Foul Ball, location: 2F
1-2: Fly out, F7 (Flyball, 7S, EV 84.4 MPH)
Batting: RHB Brock Jackson 0-0: Ball
1-0: Called Strike
1-1: Foul Ball, location: 2F
1-2: Foul Ball, location: 2F
1-2: Ball
2-2: Strikes out looking
Bottom of the 9th over - 0 runs, 1 hit, 0 errors, 1 left on base; Monterrey 5 - New York 2
Thursday, May 9th , 2024 - OOTP Baseball 23.10 Build 110